 Dungeon Sprint DCSS version 0.25-a0-474-ga8a2ee3166 (webtiles) character file.

Game seed: 6763820480767508652, levelgen mode: deterministic

523 ICC the Eye of the Storm (level 7, 9/71 HPs)
             Began as a Troll Monk on Feb 7, 2020.
             Was a Priest of Qazlal.
             Quit the game in the Dungeon (Sprint IX: "|||||||||||||||||||||||||||||").
             The game lasted 00:03:44 (158 turns).

ICC the Eye of the Storm (Troll Monk)                Turns: 158, Time: 00:03:44

Health: 9/71       AC:  7    Str: 20    XL:     7   Next: 2%
Magic:  3/13       EV: 15    Int:  6    God:    Qazlal [***...]
Gold:   0          SH:  4    Dex: 17    Spells: 6/6 levels left

rFire    . . .     SeeInvis .     - Unarmed
rCold    . . .     Gourm    +   (no shield)
rNeg     . . .     Faith    .   a - +0 robe
rPois    .         Spirit   .   (helmet restricted)
rElec    .         Reflect  .   o - +0 cloak
rCorr    .         Harm     .   (gloves unavailable)
MR       .....     NoTele   +   (boots unavailable)
Stlth    +.........             (no amulet)
HPRegen  0.61/turn              p - +3 ring of dexterity
MPRegen  0.13/turn              q - +2 ring of evasion

@: no status effects
A: large, unfitting armour, claws 3, fast metabolism 3, gourmand, regeneration
1, shaggy fur 1, tough skin 3
a: Upheaval, Elemental Force, Renounce Religion


You were in the Dungeon.
You worshipped Qazlal.
Qazlal was most pleased with you.
You were full.

You visited 1 branch

Inventory:

Hand Weapons
 n - a +4 quarterstaff of speed
Armour
 a - a +0 robe (worn)
 o - a +0 cloak (worn)
Magical Staves
 m - an uncursed staff of energy
Jewellery
 p - a +3 ring of dexterity (left claw)
 q - a +2 ring of evasion (right claw)
Wands
 l - a wand of acid (10)
Scrolls
 h - 2 scrolls of blinking
 j - 3 scrolls of remove curse
 k - 2 scrolls of amnesia
Potions
 c - 5 potions of curing
 d - 3 potions of heal wounds
 e - a potion of haste
 f - 4 potions of magic
 i - a potion of invisibility
Comestibles
 b - 2 rations
 g - 2 chunks of flesh


   Skills:
 - Level 4.9 Fighting
 - Level 4.9 Dodging
 - Level 1.0 Stealth
 - Level 7.9 Unarmed Combat
 + Level 10.0 Invocations


You had 6 spell levels left.
You didn't know any spells.
Your spell library was empty.

Dungeon Overview and Level Annotations

Branches:
Dungeon (1/1)

Altars:
Cheibriados
Dithmenos
Elyvilon
Fedhas
Gozag
Hepliaklqana
Kikubaaqudgha
Makhleb
Nemelex Xobeh
Okawaru
Qazlal
Ru
Sif Muna
Trog
Uskayaw
Vehumet
Wu Jian
Xom
Yredelemnul
Zin
The Shining One
Beogh
Jiyva
Lugonu


Innate Abilities, Weirdness & Mutations

You are too large for most types of armour.
You have claws for hands.
Your metabolism is lightning-fast.
You like to eat raw meat.
Your natural rate of healing is unusually fast.
You are covered in fur. (AC +1)
You have extremely tough skin. (AC +3)


Message History

The hippogriff is almost dead.
You scratch the hippogriff but do no damage.
The hippogriff is almost dead.
The hippogriff bites you.
* * * LOW HITPOINT WARNING * * *
The hippogriff pecks you.
* * * LOW HITPOINT WARNING * * *
The hippogriff claws you.
* * * LOW HITPOINT WARNING * * *
You scratch the hippogriff.
You kill the hippogriff!
Qazlal accepts your kill.
Your Invocations skill gained 3 levels and is now at level 10!
You have reached level 7!
You open the door.
A hound, an acid dragon, a soldier ant, a vampire mosquito, an orc warrior and a vampire come into view.
The vampire mosquito buzzes angrily.
The soldier ant twitches its antennae in your direction.
The acid dragon roars!
Are you sure you want to abandon this character and quit the game? (Confirm with "yes".) ▓▓▓▓▓▓▓▓▓▓▓▓▓▓▓▓▓▓▓▓▓▓▓▓ DaoVyh'@.....'..[.[)...' ▓▓▓▓▓▓▓▓▓▓▓▓▓▓▓▓▓▓▓▓▓▓▓▓

You could see a soldier ant, a vampire, an orc warrior (wandering), an acid dragon, a vampire mosquito and a hound (wandering).

Vanquished Creatures
  A hippogriff (D)
  A black bear (D)
  An eye of draining (D)
  A centaur (D)
  A crimson imp (D)
  An iguana (D)
  An adder (D)
  A shadow imp (D)
  A leopard gecko (D)
  A bat zombie (D)
  A hobgoblin (D)
  A jackal (D)
  A kobold (D)
  2 bats (D)
  A frilled lizard (D)
16 creatures vanquished.

Notes
Turn   | Place    | Note
-------+----------+-------------------------------------------
     0 | D        | ICC the Troll Monk began the quest for the Orb.
     0 | D        | Reached XP level 1. HP: 22/22 MP: 0/0
    34 | D        | Noticed an iguana
    34 | D        | Noticed a crimson imp
    34 | D        | Noticed a centaur
    39 | D        | Killed a centaur
    39 | D        | Reached XP level 2. HP: 32/32 MP: 1/1
    39 | D        | Reached XP level 3. HP: 39/39 MP: 2/2
    39 | D        | Reached XP level 4. HP: 48/48 MP: 3/3
    42 | D        | Reached XP level 5. HP: 55/55 MP: 4/4
    55 | D        | Found a roughly hewn altar of Beogh.
    55 | D        | Found a snail-covered altar of Cheibriados.
    55 | D        | Found a shadowy altar of Dithmenos.
    55 | D        | Found a white marble altar of Elyvilon.
    55 | D        | Found a blossoming altar of Fedhas.
    55 | D        | Found an opulent altar of Gozag.
    56 | D        | Found a hazy altar of Hepliaklqana.
    57 | D        | Found a viscous altar of Jiyva.
    58 | D        | Found an ancient bone altar of Kikubaaqudgha.
    59 | D        | Found a corrupted altar of Lugonu.
    60 | D        | Found a burning altar of Makhleb.
    61 | D        | Found a sparkling altar of Nemelex Xobeh.
    62 | D        | Found an iron altar of Okawaru.
    63 | D        | Found a stormy altar of Qazlal.
    64 | D        | Found a sacrificial altar of Ru.
    65 | D        | Found a shimmering blue altar of Sif Muna.
    66 | D        | Found a bloodstained altar of Trog.
    67 | D        | Found a hide-covered altar of Uskayaw.
    68 | D        | Found a radiant altar of Vehumet.
    69 | D        | Found an ornate altar of the Wu Jian Council.
    70 | D        | Found a shimmering altar of Xom.
    71 | D        | Found a basalt altar of Yredelemnul.
    72 | D        | Found a glowing silver altar of Zin.
    73 | D        | Found a glowing golden altar of the Shining One.
    79 | D        | Became a worshipper of Qazlal Stormbringer
    79 | D        | Reached * piety under Qazlal
    79 | D        | Reached ** piety under Qazlal
   119 | D        | Noticed a hippogriff
   119 | D        | Noticed a black bear
   119 | D        | Noticed an eye of draining
   130 | D        | Reached skill level 1 in Invocations
   138 | D        | Killed an eye of draining
   138 | D        | Reached skill level 5 in Invocations
   142 | D        | Killed a black bear
   142 | D        | Reached *** piety under Qazlal
   142 | D        | Reached skill level 7 in Invocations
   142 | D        | Reached XP level 6. HP: 48/65 MP: 1/10
   150 | D        | Killed a hippogriff
   150 | D        | Reached skill level 10 in Invocations
   150 | D        | Reached XP level 7. HP: 4/71 MP: 2/13
   157 | D        | Noticed a vampire
   157 | D        | Noticed a vampire mosquito
   158 | D        | Quit the game

Levels and vault maps discovered:
D:        linesprint [early_d, line_temple, items_1, d_10, items_2, lair_1,
          lair_end, items_3, orc_1, orc_end, items_4, d_15, swamp_1, shoals_1,
          snake_1, spider_1, d_20, vaults_1, items_5, swamp_end, shoals_end,
          snake_end, spider_end, vaults_end, d_27, items_6, zot_1, zot_end,
          crypt_end, forest_end, elf_end, slime_end, tomb_end, abyss_end,
          pan_hell_end]

Skill      XL: |  1  2  3  4  5  6 |
---------------+-------------------+-----
Fighting       | 4 |  4.9
Dodging        | 4 |  4.9
Unarmed Combat | 6 7 |  7.9
Invocations    | 7 10 | 10.0
Stealth        | |  1.0

Action                   |  1- 3 |  4- 6 |  7- 9 || total
-------------------------+-------+-------+-------++-------
Melee: Unarmed           |    22 |    30 |       ||    52
       Staff             |       |     1 |       ||     1
       Punch             |       |     1 |       ||     1
Invok: Upheaval          |       |     1 |       ||     1
Evoke: Staff of energy   |       |     3 |       ||     3
  Use: Potion            |     1 |       |       ||     1
  Eat: Chunk             |     3 |       |       ||     3
Armor: Robe              |    12 |     9 |       ||    21
Dodge: Dodged            |     9 |    19 |       ||    28
Block: Other             |       |     2 |       ||     2

Table legend:
 A = Non-vault XP
 B = Vault XP
 C = Vault XP percentage of total XP
 D = Non-vault monster count
 E = Vault monster count
 F = Vault count percentage of total count
                 A         B        C        D         E       F
            +---------+---------+-------+---------+---------+-------
      Total |       0 |     748 | 100.0 |       0 |      16 | 100.0
            +---------+---------+-------+---------+---------+-------
          D |       0 |     748 | 100.0 |       0 |      16 | 100.0
            +---------+---------+-------+---------+---------+-------
